cohdb
Replays
Latest Replays
All Replays
Popular Replays
Top Player Replays
Match Explorer
How It Works
Community
CoH3 Stats
Reddit
Sign in to upload your games and track your stats! →
Sign in with Steam
Match 45395125
Unlisted
Match 45395125
Overview
Messages
Build Orders
End
Construct Section Command Post
Vickers Machine Gun Team
Dingo Light Scout Car
Infantry Section
Infantry Section
Grenade Package
Selects Indian Artillery Battlegroup
Selects Indian Artillery Battlegroup
Selects Towed ML 4.2-inch Heavy Mortar
Towed ML 4.2-inch Heavy Mortar
Construct Platoon Command Post
CMP 15cwt Truck
CMP 15cwt Truck
Selects Valour
Selects Gurkha Rifles Section
Infantry Training
Construct Company Command Post
Crusader II Medium Tank
Gurkha Rifles Section
Selects Volunteer Infantry
Crusader II Medium Tank
Armored Vehicle Training
CMP 15cwt Truck
Selects Off-map Airburst Barrage
Crusader II Medium Tank
Off-map Airburst Barrage
Selects Perimeter Monitor
Royal Engineer Section
Crusader II Medium Tank
男神贾队长
我是人ds
RedClownLips
Beta
[PD] Ducktus
[PD] [9C] [FT] Claudius Tacitus
Nico-Nico-Nii~~
CPT. ZUGLUFT
0
0
Comments
sign in to comment!
No comments posted yet!